 Dungeon Crawl Stone Soup version 0.28.0-53-g5a82cb258f (webtiles) character file.

Game seed: 5445689747181879716

1554 Zeld the Thaumaturge (level 8, -1/41 HPs)
             Began as a Deep Elf Fire Elementalist on May 22, 2022.
             Was an Initiate of Vehumet.
             Slain by an ogre
             ... wielding a +0 giant spiked club
              (26 damage)
             ... on level 6 of the Dungeon.
             The game lasted 00:07:20 (6570 turns).

Zeld the Thaumaturge (Deep Elf Fire Elementalist)   Turns: 6570, Time: 00:07:21

Health: -1/41      AC:  5    Str:  5    XL:     8   Next: 57%
Magic:  9/22       EV: 14    Int: 23    God:    Vehumet [......]
Gold:   181        SH:  0    Dex: 15    Spells: 10/23 levels left

rFire   . . .      SeeInvis .   a - +1 short sword (venom)
rCold   . . .      Faith    .   (no shield)
rNeg    . . .      Spirit   .   e - +0 robe
rPois   +          Reflect  .   (no helmet)
rElec   .          Harm     .   h - +2 cloak
rCorr   .          Rampage  .   (no gloves)
Will    .....                   (no boots)
Stlth   ++........              (no amulet)
HPRegen 0.13/turn               b - ring of poison resistance
MPRegen 0.18/turn               (no ring)

@: no status effects
A: no striking features
a: Renounce Religion


You were on level 6 of the Dungeon.
You worshipped Vehumet.
Vehumet was noncommittal.
You visited 1 branch of the dungeon, and saw 6 of its levels.

You collected 181 gold pieces.

Inventory:

Hand Weapons
 a - a +1 short sword of venom (weapon)
Missiles
 o - 14 poisoned darts (quivered)
Armour
 e - a +0 robe (worn)
 h - a +2 cloak (worn)
Jewellery
 b - a ring of poison resistance (left hand)
Wands
 m - a wand of flame (21)
 r - a wand of polymorph (5)
Scrolls
 d - a scroll of magic mapping {unknown}
 f - a scroll of torment {unknown}
 i - a scroll of fog {unknown}
 j - a scroll of vulnerability {unknown}
 l - 4 scrolls of teleportation {unknown}
 n - 6 scrolls of identify {unknown}
 p - a scroll of brand weapon {unknown}
 q - a scroll of amnesia {unknown}
 t - a scroll of immolation {unknown}
 u - a scroll of noise {unknown}
 w - a scroll of silence {unknown}
Potions
 c - a potion of attraction {unknown}
 g - 2 potions of haste {unknown}
 k - 2 potions of ambrosia {unknown}
 s - a potion of might {unknown}
 v - a potion of magic {unknown}
 x - a potion of curing {unknown}


   Skills:
 + Level 3.0 Throwing
 + Level 5.2 Dodging
 - Level 2.4 Stealth
 * Level 8.0 Spellcasting
 + Level 4.2 Conjurations
 - Level 2.0 Hexes
 - Level 2.0 Transmutations
 * Level 6.9 Fire Magic
 - Level 2.0 Poison Magic


You had 10 spell levels left.
You knew the following spells:

 Your Spells              Type           Power      Damage    Failure   Level
a - Foxfire               Conj/Fire      100%       2x1d9     1%          1
b - Scorch                Fire           82%        2d9       1%          2
c - Inner Flame           Hex/Fire       29%        N/A       3%          3
d - Ignite Poison         Fire/Tmut/Pois 25%        N/A       4%          3
e - Sticky Flame          Conj/Fire      34%        2d5       7%          4

Your spell library contained the following spells:

 Spells                   Type           Power      Damage    Failure   Level
 Conjure Flame            Conj/Fire      34%        6-21      1%          3
 Flame Wave               Conj/Fire      34%        2d8       7%          4
 Stone Arrow              Conj/Erth      38%        3d9       9%          3
 Blink                    Tloc           18%        N/A       11%         2
 Lesser Beckoning         Tloc           9%         N/A       21%         3
 Ozocubu's Armour         Ice            9%         N/A       21%         3
 Animate Armour           Summ/Erth      18%        N/A       56%         4
 Animate Dead             Necr           4%         N/A       56%         4
 Metabolic Englaciation   Hex/Ice        6%         N/A       77%         5
 Borgnjor's Vile Clutch   Necr/Erth      4%         N/A       88%         5
 Manifold Assault         Tloc           9%         N/A       88%         5
 Death Channel            Necr           4%         N/A       100%        6
 Simulacrum               Ice/Necr       4%         N/A       100%        6
 Lehudib's Crystal Spear  Conj/Erth      9%         10d4      100%        8


Dungeon Overview and Level Annotations

Branches:
Dungeon (6/15)
 Temple: D:4-7

Altars:
Vehumet


Message History

Confirm with . or Enter, or press ? or * to list all spells.
Flames lash the adder.
The adder is almost dead.
The adder's fire resistance burns away.
Casting: Scorch (safe; 1% risk of failure)
Confirm with . or Enter, or press ? or * to list all spells.
Flames lash the adder.
The adder is burned terribly!
You kill the adder!
Vehumet accepts your kill.
Casting: Scorch (safe; 1% risk of failure)
Confirm with . or Enter, or press ? or * to list all spells.
Flames lash the adder.
The adder is heavily wounded.
The adder's fire resistance burns away.
Casting: Scorch (safe; 1% risk of failure)
Confirm with . or Enter, or press ? or * to list all spells.
The spell is quite dangerous to miscast (7% risk of failure)!
Continue anyway?
Aiming: Sticky Flame (quite dangerous; 7% risk of failure)
Press: ? - help, Shift-Dir - straight line, f - ogre
Aim: an ogre, wielding a +0 giant spiked club (100% to hit)
The sticky flame hits the ogre.
The ogre is lightly wounded.
The ogre is covered in liquid flames!
The ogre burns!
The ogre closely misses you.
Casting: Sticky Flame (quite dangerous; 7% risk of failure)
Confirm with . or Enter, or press ? or * to list all spells.
Flames lash the adder.
The adder is burned terribly!
The adder is almost dead.
The ogre burns!
The ogre hits you with a +0 giant spiked club!
Unknown command.
Casting: Scorch (safe; 1% risk of failure)
Confirm with . or Enter, or press ? or * to list all spells.
Flames lash the adder.
The adder is burned terribly!
You kill the adder!
Vehumet accepts your kill.
The ogre burns!
The ogre hits you with a +0 giant spiked club!!
Ouch! That really hurt!
You die...

#.# #$# #.#
#.# #.#
#.###$####.#
#....!.....#
#@# #O# #†#
#.# #.# ...
... #.. ####


You could see an ogre (burning).

Vanquished Creatures
  Prince Ribbit (D:5)
  A hornet (D:5)
  Sigmund (D:2)
  An acid dragon (D:5)
  An orc warrior (D:4)
  A black bear (D:4)
  2 necrophages
  3 scorpions
  A water moccasin skeleton (D:5)
  A hound (D:5)
  A jelly (D:5)
  Ijyb (D:4)
  An orc wizard (D:4)
  A hound zombie (D:5)
  3 hound skeletons
  9 adders
  5 worms (D:2)
  2 dart slugs
  4 orcs
  7 bats
  4 endoplasms
  4 giant cockroaches
  6 goblins
  9 hobgoblins
  3 jackals (D:1)
  10 kobolds
  3 quokkas
  8 ball pythons
  3 frilled lizards
  5 rats
102 creatures vanquished.

Vanquished Creatures (others)
  53 foxfires
53 creatures vanquished.

Grand Total: 155 creatures vanquished

Notes
Turn   | Place    | Note
-------+----------+-------------------------------------------
     0 | D:1      | Zeld the Deep Elf Fire Elementalist began the quest for the
                  | Orb.
     0 | D:1      | Reached XP level 1. HP: 10/10 MP: 6/6
   163 | D:1      | Reached XP level 2. HP: 14/15 MP: 4/8
   305 | D:1      | Found a faded altar of an unknown god.
   322 | D:1      | Learned a level 2 spell: Scorch
   846 | D:1      | Reached XP level 3. HP: 17/19 MP: 3/10
   851 | D:1      | Learned a level 3 spell: Inner Flame
   956 | D:1      | You fall into a shaft and drop 1 floor!
  1395 | D:2      | Reached skill level 4 in Spellcasting
  1602 | D:2      | Noticed Sigmund
  1715 | D:2      | Noticed a scorpion
  1720 | D:2      | Killed a scorpion
  1721 | D:2      | Reached XP level 4. HP: 18/24 MP: 2/12
  2569 | D:3      | Learned a level 4 spell: Sticky Flame
  2601 | D:3      | Reached XP level 5. HP: 28/28 MP: 11/14
  2804 | D:3      | Learned a level 3 spell: Ignite Poison
  3252 | D:4      | Noticed a necrophage
  3261 | D:4      | Killed a necrophage
  3262 | D:4      | Reached skill level 5 in Spellcasting
  3396 | D:4      | Reached skill level 1 in Hexes
  3471 | D:4      | Noticed an orc warrior
  3482 | D:4      | Identified the +3 ring mail "Gahokam" {Slay+3}
  3623 | D:2      | Killed Sigmund
  3624 | D:2      | Reached skill level 1 in Throwing
  3624 | D:2      | Reached skill level 1 in Transmutations
  3624 | D:2      | Reached skill level 5 in Fire Magic
  3624 | D:2      | Reached skill level 1 in Poison Magic
  3624 | D:2      | Reached XP level 6. HP: 22/32 MP: 4/16
  4024 | D:4      | Noticed Ijyb
  4037 | D:4      | Killed Ijyb
  4301 | D:4      | Reached XP level 7. HP: 34/36 MP: 6/17
  4578 | D:4      | Reached skill level 6 in Spellcasting
  4976 | D:5      | Entered Level 5 of the Dungeon
  5224 | D:5      | Noticed a hornet
  5227 | D:5      | Killed a hornet
  5778 | D:5      | Found a radiant altar of Vehumet.
  5782 | D:5      | Reached skill level 7 in Spellcasting
  5782 | D:5      | Reached XP level 8. HP: 39/41 MP: 13/20
  5788 | D:5      | Became a worshipper of Vehumet
  5829 | D:5      | Noticed Prince Ribbit
  5841 | D:5      | Killed Prince Ribbit
  5842 | D:5      | Reached skill level 5 in Dodging
  6365 | D:5      | Reached skill level 8 in Spellcasting
  6570 | D:6      | Slain by an ogre

Illustrated notes

Levels and vault maps discovered:
D:1:      enne_arrival_octagon_isle, layout_loops_ring,
          hellmonk_ecumenical_altar_pennies_from_heaven
D:2:      layout_basic, minmay_tetromino_i4, uniq_sigmund
D:3:      layout_basic
D:4:      layout_loops_cross, uniq_ijyb
D:5:      layout_loops_ring, mainiacjoe_overflow_six_doors_small,
          corner_web_ring, uniq_prince_ribbit1
D:6:      layout_basic, kennysheep_path_1

Skill      XL: |  1  2  3  4  5  6  7  8 |
---------------+-------------------------+-----
Dodging        | 3 4 5 |  5.2
Spellcasting   | 4 5 7 8 |  8.0
Fire Magic     | 4 5 6 |  6.9
Conjurations   | 2 3 4 |  4.2
Hexes          | 1 2 |  2.0
Throwing       | 1 2 3 |  3.0
Transmutations | 1 2 |  2.0
Poison Magic   | 1 2 |  2.0
Stealth        | |  2.4

Action                   |  1- 3 |  4- 6 |  7- 9 || total
-------------------------+-------+-------+-------++-------
Melee: Short sword       |     4 |    11 |    25 ||    40
       Unarmed           |     3 |       |       ||     3
       Punch             |       |     1 |       ||     1
Throw: Dart              |       |     2 |     1 ||     3
 Cast: Foxfire           |    27 |     1 |     9 ||    37
       Scorch            |    43 |    52 |    46 ||   141
       Sticky Flame      |       |     3 |     2 ||     5
       Inner Flame       |       |       |     1 ||     1
 Stab: Sleeping          |       |       |     1 ||     1
Armor: Robe              |     2 |     8 |    15 ||    25
Dodge: Dodged            |    18 |    25 |    43 ||    86
